 Dungeon Crawl Stone Soup version 0.28.0-45-g0d030f2227 (webtiles) character file.

Game seed: 2304808149090341045

91 Iusername the Shield-Bearer (level 4, -11/40 HPs)
             Began as a Minotaur Fighter on Apr 6, 2022.
             Engulfed by a cloud of flame (23 damage)
             ... on level 2 of the Dungeon.
             The game lasted 00:05:43 (1795 turns).

Iusername the Shield-Bearer (Minotaur Fighter)      Turns: 1795, Time: 00:05:44

Health: -11/40     AC: 11    Str: 23    XL:     4   Next: 34%
Magic:  3/3        EV:  6    Int:  5    God:
Gold:   63         SH:  4    Dex:  9    Spells: 3/3 levels left

rFire   . . .      SeeInvis .   a - +0 long sword
rCold   . . .      Faith    .   c - +0 buckler
rNeg    . . .      Spirit   .   i - +0 plate armour
rPois   .          Reflect  .   (helmet restricted)
rElec   .          Harm     .   (no cloak)
rCorr   .          Rampage  .   (no gloves)
Will    .....                   (no boots)
Stlth   ..........              (no amulet)
HPRegen 0.13/turn               (no ring)
MPRegen 0.08/turn               (no ring)

@: no status effects
A: horns 2, retaliatory headbutt
a: no special abilities


You were on level 2 of the Dungeon.
You visited 1 branch of the dungeon, and saw 2 of its levels.

You collected 63 gold pieces.

Inventory:

Hand Weapons
 a - a +0 long sword (weapon)
Armour
 b - a +0 scale mail
 c - a +0 buckler (worn)
 i - a +0 plate armour (worn)
Scrolls
 e - a scroll of brand weapon {unknown}
 f - 3 scrolls of identify {unknown}
 g - 2 scrolls of noise {unknown}
 j - a scroll of fear {unknown}
 l - a scroll of fog {unknown}
Potions
 d - 3 potions of might
 h - a potion of curing {unknown}
 k - a potion of resistance {unknown}


   Skills:
 + Level 4.1 Fighting
 + Level 4.0 Long Blades
 + Level 4.2 Armour
 + Level 0.5 Dodging
 + Level 4.3 Shields


You had 3 spell levels left.
You didn't know any spells.
Your spell library contained the following spells:

 Spells                   Type           Power      Damage    Failure   Level
 Magic Dart               Conj           0%         1d3       100%        1
 Call Imp                 Summ           0%         N/A       100%        2
 Mephitic Cloud           Conj/Pois/Air  0%         N/A       100%        3


Dungeon Overview and Level Annotations

Branches:
Dungeon (2/15)

Altars:


Innate Abilities, Weirdness & Mutations

You have a pair of horns on your head.
You reflexively headbutt those who attack you in melee.


Message History

a +0 club; 5 stones
Things that are here:
a +0 club; 5 stones You now have 63 gold pieces (gained 12).
You see here 17 bolts.
Things that are here:
a +0 dagger; 5 stones
There is a stone staircase leading up here.
A dart slug comes into view.
The dart slug briefly extends its eye-stalks.
A dart slug is nearby!
The dart slug bites you but does no damage.
You slash the dart slug!
You kill the dart slug!
Your Long Blades skill increases to level 4!
Found 7 gold pieces.
Really walk into a travel-excluded area? [Y]es or [N]o only, please.
Really walk into a travel-excluded area? [Y]es or [N]o only, please.
Really walk into a travel-excluded area? [Y]es or [N]o only, please.
Really walk into a travel-excluded area? [Y]es or [N]o only, please.
Really walk into a travel-excluded area?
Really walk into that cloud of flame? [Y]es or [N]o only, please.
Really walk into that cloud of flame? [Y]es or [N]o only, please.
Really walk into that cloud of flame? [Y]es or [N]o only, please.
Really walk into that cloud of flame? [Y]es or [N]o only, please.
Really walk into that cloud of flame?
You are engulfed in blazing flames.
You are engulfed in blazing flames.
* * * LOW HITPOINT WARNING * * *
You are engulfed in blazing flames.
Ouch! That really hurt!
You die...

#.. #.# #§. #.# #§○. #.#
#§§§ #.# #####...#####.#
##.○.§..$..☼§§..#
#..☼○...$$.○○°..############
#..§.§..$..@○☼..............
#.#####...#####.........####
#.# #§.§# ########### # #.#
#§§§# #....(....# # #.#
#.§§# #########.# # #.#
###...# ##.# # #.###.##..#
##### #..# # #.....###.#
#...# #.## #
#####.....###...### #.# #


There were no monsters in sight!

Vanquished Creatures
  A hound (D:2)
  2 adders (D:2)
  2 dart slugs
  2 bats (D:1)
  4 endoplasms
  3 giant cockroaches
  2 goblins (D:1)
  5 hobgoblins
  2 jackals (D:1)
  3 quokkas (D:1)
  2 ball pythons
  2 frilled lizards (D:1)
  5 kobolds
  A rat (D:1)
36 creatures vanquished.

Notes
Turn   | Place    | Note
-------+----------+-------------------------------------------
     0 | D:1      | Iusername the Minotaur Fighter began the quest for the Orb.
     0 | D:1      | Reached XP level 1. HP: 19/19 MP: 0/0
   211 | D:1      | Reached XP level 2. HP: 27/27 MP: 1/1
   937 | D:1      | Reached XP level 3. HP: 33/33 MP: 2/2
  1065 | D:2      | Reached XP level 4. HP: 35/40 MP: 3/3
  1795 | D:2      | Engulfed by a cloud of flame

Illustrated notes

Levels and vault maps discovered:
D:1:      roderic_octagonal_star, layout_loops_ring
D:2:      layout_loops_ring, lemuel_flame_loot_1

Skill      XL: |  1  2  3  4 |
---------------+-------------+-----
Shields        | 4 |  4.3
Long Blades    | 3 4 |  4.0
Armour         | 4 |  4.2
Fighting       | 4 |  4.1
Dodging        | |  0.5

Action                   |  1- 3 |  4- 6 || total
-------------------------+-------+-------++-------
Melee: Long sword        |    58 |    15 ||    73
       Headbutt          |    13 |     2 ||    15
Armor: Scale mail        |    28 |       ||    28
       Plate armour      |     4 |    10 ||    14
Dodge: Dodged            |    29 |     3 ||    32
Block: Buckler           |    18 |     2 ||    20
